 Dungeon Crawl Stone Soup version 0.28.0-53-g5a82cb258f (webtiles) character file.

Game seed: 7135598489924285474

55 MiltankisOP the Sneak (level 3, -3/18 HPs)
             Began as a Vine Stalker Brigand on June 19, 2022.
             Slain by a gnoll
             ... wielding a +0 whip
              (4 damage)
             ... on level 1 of the Dungeon.
             The game lasted 00:03:35 (1990 turns).

MiltankisOP the Sneak (Vine Stalker Brigand)        Turns: 1990, Time: 00:03:35

Health: -3/18      AC:  3    Str: 13    XL:     3   Next: 93%
Magic:  0/4        EV: 11    Int: 11    God:
Gold:   24         SH:  0    Dex: 17    Spells: 2/2 levels left

rFire   . . .      SeeInvis .   a - +2 dagger
rCold   . . .      Faith    .   (no shield)
rNeg    . . .      Spirit   +   b - +0 robe
rPois   .          Reflect  .   (no helmet)
rElec   .          Harm     .   c - +0 cloak
rCorr   .          Rampage  .   (no gloves)
Will    .....                   (no boots)
Stlth   +++.......              (no amulet)
HPRegen 0.06/turn               (no ring)
MPRegen 0.09/turn               (no ring)

@: no status effects
A: fangs 2, magic shield, antimagic bite, no potion heal 2
a: no special abilities


You were on level 1 of the Dungeon.
You visited 1 branch of the dungeon, and saw 2 of its levels.

You collected 24 gold pieces.

Inventory:

Hand Weapons
 a - a +2 dagger (weapon)
Missiles
 d - 8 poisoned darts (quivered)
 e - 2 curare-tipped darts
Armour
 b - a +0 robe (worn)
 c - a +0 cloak (worn)
 f - a +0 cloak
Scrolls
 g - 2 scrolls of identify
 h - a scroll of noise {unknown}
 j - a scroll of teleportation {unknown}
 k - a scroll of blinking {unknown}
 l - a scroll of fog {unknown}
Potions
 i - a potion of degeneration
 m - a potion of haste {unknown}
 n - a potion of lignification {unknown}


   Skills:
 - Level 1.7 Fighting
 * Level 3.7 Short Blades
 - Level 1.7 Throwing
 - Level 0.7 Dodging
 - Level 4.8 Stealth


You had 2 spell levels left.
You didn't know any spells.
Your spell library was empty.

Dungeon Overview and Level Annotations

Branches:
Dungeon (2/15)

Altars:


Innate Abilities, Weirdness & Mutations

You have extremely sharp teeth.
When hurt, damage is shared between your health and your magic reserves.
Your bite disrupts and absorbs the magic of your enemies.
Potions cannot restore your health.


Message History

You hit the gnoll.
You kill the gnoll!
You hit the gnoll. Your bite misses the gnoll.
The gnoll is lightly wounded.
The gnoll hits you with a +0 whip.
* * * LOW HITPOINT WARNING * * *
You hit the gnoll. You bite the gnoll, but do no damage.
The gnoll is moderately wounded.
The gnoll barely misses you.
You hit the gnoll but do no damage. Your bite misses the gnoll.
The gnoll is moderately wounded.
The gnoll hits you with a +0 whip.
* * * LOW HITPOINT WARNING * * *
You see here a +0 whip.
Things that are here:
a +0 halberd; a gnoll skeleton You see here a +0 club.
The gnoll hits you with a +0 whip.
You closely miss the gnoll. The gnoll hits you with a +0 whip!
* * * LOW HITPOINT WARNING * * *
You hit the gnoll. You bite the gnoll. You drain its power.
You feel invigorated.
The gnoll is moderately wounded.
The gnoll hits you but does no damage.
You hit the gnoll.
The gnoll is severely wounded.
The gnoll barely misses you.
You hit the gnoll but do no damage. Your bite misses the gnoll.
The gnoll is severely wounded.
You closely miss the gnoll. You bite the gnoll. You drain its power.
The gnoll is almost dead.
The gnoll hits you with a +0 whip.
* * * LOW HITPOINT WARNING * * *
You barely miss the gnoll.
The gnoll is almost dead.
The gnoll closely misses you.
You barely miss the gnoll.
The gnoll is almost dead.
The gnoll hits you with a +0 whip!
You die...

#.# #..##........
#.# #..#...##..##
#.# #......##..# #.#
##.#...##..# #.#
#.##......# #.#
#...#...#.# #.#
#..###....#
#.########.#.#.#.###
#...@g.....##.##.#
##########.#####.#
#.#####.#
#...g...####
####........
#########


You could see a gnoll.

Vanquished Creatures
  2 gnolls (D:1)
  A dart slug (D:1)
  A ball python (D:1)
  4 endoplasms
  6 goblins (D:1)
  4 hobgoblins (D:1)
  2 jackals (D:1)
  2 quokkas (D:1)
  2 bats (D:1)
  4 kobolds
  A rat (D:1)
29 creatures vanquished.

Notes
Turn   | Place    | Note
-------+----------+-------------------------------------------
     0 | D:1      | MiltankisOP the Vine Stalker Brigand began the quest for
                  | the Orb.
     0 | D:1      | Reached XP level 1. HP: 11/11 MP: 2/2
   296 | D:1      | Reached XP level 2. HP: 15/15 MP: 3/3
   470 | D:1      | Found a faded altar of an unknown god.
   822 | D:1      | Reached XP level 3. HP: 9/18 MP: 2/4
  1990 | D:1      | Slain by a gnoll

Illustrated notes

Levels and vault maps discovered:
D:1:      scummos_arrival_simple_fountains, layout_loops_ring,
          hellmonk_ecumenical_altar_leap_of_faith
D:2:      layout_loops_ring, serial_shops, shop, shop,
          nicolae_shop_window_shopping, shop, shop, nrook_mini_vaults

Skill      XL: |  1  2 |
---------------+-------+-----
Short Blades   | 2 3 |  3.7
Fighting       | |  1.7
Throwing       | |  1.7
Dodging        | |  0.7
Stealth        | |  4.8

Action                   || total
-------------------------++-------
Melee: Dagger            ||    90
       Bite              ||    19
  Use: Scroll            ||     1
 Stab: Sleeping          ||     6
Armor: Robe              ||    19
Dodge: Dodged            ||    39
